 Dungeon Crawl Stone Soup version 0.28-a0-1429-gf3d713df7a (webtiles) character file.

Game seed: 5313371000672702857

9699 Armakuni the Fighter (level 11, 0/90 HPs)
             Began as a Human Wanderer on Jan 7, 2022.
             Was a Follower of the Shining One.
             Slain by a two-headed ogre (15 damage)
             ... on level 10 of the Dungeon on Jan 8, 2022.
             The game lasted 00:27:34 (11632 turns).

Armakuni the Fighter (Human Wanderer)              Turns: 11632, Time: 00:27:34

Health: 0/90       AC: 19    Str: 19    XL:     11   Next: 79%
Magic:  14/14      EV: 12    Int: 12    God:    the Shining One [*.....]
Gold:   560        SH:  5    Dex: 13    Spells: 9/14 levels left

rFire   . . .      SeeInvis .   a - +3 mace (vorpal)
rCold   + . .      Faith    .   k - +0 buckler
rNeg    . . .      Spirit   .   x - +1 acid dragon scales
rPois   +          Reflect  .   (no helmet)
rElec   .          Harm     .   F - +1 cloak {rCorr}
rCorr   +          Rampage  .   d - +0 pair of gloves
Will    +....                   g - +0 pair of boots
Stlth   +.........              (no amulet)
HPRegen 0.25/turn               A - +4 ring of protection
MPRegen 0.14/turn               J - ring of protection from cold

@: glowing
A: iridescent scales 1, thin skeletal structure 1, strong-willed 1, sense
surroundings 1, poison resistance
a: Renounce Religion, Divine Shield


You were on level 10 of the Dungeon.
You worshipped the Shining One.
The Shining One was aware of your devotion.
You visited 2 branches of the dungeon, and saw 11 of its levels.

You collected 564 gold pieces.
You spent 4 gold pieces at shops.

Inventory:

Hand Weapons
 a - a +3 vorpal mace (weapon)
 b - a +2 whip of flaming
 f - a +4 scimitar of flaming
Missiles
 l - a javelin (quivered)
 q - a throwing net
 I - a curare-tipped dart
Armour
 d - a +0 pair of gloves (worn)
 g - a +0 pair of boots (worn)
 k - a +0 buckler (worn)
 r - a +2 chain mail of fire resistance
 x - +1 acid dragon scales (worn)
 F - a +1 cloak of preservation (worn)
Magical Staves
 E - a staff of fire
 H - a staff of earth
Jewellery
 A - a +4 ring of protection (left hand)
 J - a ring of protection from cold (right hand)
Wands
 j - a wand of iceblast (8)
 m - a wand of polymorph (6)
 p - a wand of paralysis (9)
 v - a wand of flame (26)
Scrolls
 c - 2 scrolls of magic mapping
 o - a scroll of noise
 u - a scroll of enchant weapon
 y - a scroll of fog
 z - 2 scrolls of silence
 B - 5 scrolls of teleportation
 D - a scroll of blinking
 K - 3 scrolls of amnesia {unknown}
Potions
 e - a potion of brilliance {unknown}
 h - a potion of heal wounds
 i - 2 potions of cancellation
 n - a potion of mutation
 s - a potion of ambrosia
 t - a potion of magic
 w - a potion of invisibility {unknown}
 C - a potion of curing
 G - a potion of might {unknown}


   Skills:
 - Level 10.0 Fighting
 - Level 9.1(9.9) Maces & Flails
 + Level 5.6(8.2) Staves
 - Level 1.0 Throwing
 - Level 6.8 Armour
 - Level 4.8 Dodging
 - Level 1.0 Stealth
 - Level 4.0 Shields
 - Level 2.0 Spellcasting
 - Level 2.0 Earth Magic
 - Level 5.0 Evocations


You had 9 spell levels left.
You knew the following spells:

 Your Spells              Type           Power      Damage    Failure   Level
a - Sandblast             Erth           12%        2d6       21%         1
m - Iskenderun's Mystic   Conj/Tloc      1%         2d3       99%         4

Your spell library contained the following spells:

 Spells                   Type           Power      Damage    Failure   Level
 Pain                     Necr           4%         1d4       41%         1
 Stone Arrow              Conj/Erth      6%         3d7       65%         3
 Fulminant Prism          Conj/Hex       0%         3d6       99%         4
 Summon Lightning Spire   Summ/Air       1%         N/A       99%         4
 Lee's Rapid Deconstruct  Erth           3%         3d6*      99%         5
 Agony                    Necr           1%         N/A       100%        5
 Excruciating Wounds      Necr           0%         N/A       100%        5
 Storm Form               Tmut/Air       0%         N/A       100%        7
 Maxwell's Capacitive Co  Air            0%         ∞         100%        8


Dungeon Overview and Level Annotations

Branches:
Dungeon (10/15)            Temple (1/1) D:7            Lair (0/6) D:8
    Orc: D:9-12

Altars:
Ashenzari
Cheibriados
Dithmenos
Elyvilon
Fedhas
Gozag
Kikubaaqudgha
Makhleb
Nemelex Xobeh
Okawaru
Qazlal
Ru
Sif Muna
Trog
Uskayaw
Vehumet
Wu Jian
Xom
Yredelemnul
Zin
The Shining One
Beogh

Shops:
D:6 *   D:8 (


Innate Abilities, Weirdness & Mutations

You are partially covered in iridescent scales. (AC +2)
You have a somewhat thin skeletal structure. (Dex +2, Stealth+)
You are strong-willed. (Will+)
You passively map a small area around you.
Your system is resistant to poisons. (rPois)


Message History

Press: ? - help, Q - select action, (/) - cycle Shift-Dir - straight line, f/p - two-headed ogre
Aim: a two-headed ogre, wielding a +0 great mace and a +0 dire flail (lightly wounded, 77% to hit)
You throw a javelin.
The javelin pierces through the two-headed ogre!
The two-headed ogre is moderately wounded.
The two-headed ogre hits you with a +0 great mace.
The two-headed ogre hits you with a +0 dire flail!
You thump the two-headed ogre!
The two-headed ogre is heavily wounded.
You hit the two-headed ogre but do no damage.
The two-headed ogre is heavily wounded.
The two-headed ogre hits you with a +0 great mace!
You block the two-headed ogre's attack.
You hit the two-headed ogre.
The two-headed ogre is heavily wounded.
The two-headed ogre hits you with a +0 great mace!
The two-headed ogre hits you but does no damage.
You hit the two-headed ogre.
The two-headed ogre is severely wounded.
The two-headed ogre hits you with a +0 great mace!
You block the two-headed ogre's attack.
You hit the two-headed ogre but do no damage.
The two-headed ogre is severely wounded.
You hit the two-headed ogre.
The two-headed ogre is severely wounded.
The two-headed ogre completely misses you.
The two-headed ogre hits you with a +0 dire flail!
You hit the two-headed ogre.
The two-headed ogre is almost dead.
The two-headed ogre hits you with a +0 great mace!
* * * LOW HITPOINT WARNING * * *
The two-headed ogre hits you but does no damage.
You hit the two-headed ogre.
The two-headed ogre is almost dead.
You block the two-headed ogre's attack.
The two-headed ogre hits you but does no damage.
You hit the two-headed ogre but do no damage.
The two-headed ogre is almost dead.
The two-headed ogre hits you with a +0 great mace!
You die...

#.......<########**
.####........... *
#.#.........
#.########## ,, #.#
** * * * *
##.#######. , , *
#..........
#.#######.. * #@#
#O# * * #.# , #.# ,
#.# , #.# * ... , *
* .((, * * ,


You could see a two-headed ogre.

Vanquished Creatures
  The ghost of anonymous the Covert, a novice NaGl of Cheibriados (D:9)
  Erica (D:8)
  The ghost of Kebab the Cleaver, a novice DgFi (D:9)
  A two-headed ogre (D:9)
  Pikel (D:7)
  The ghost of kae the Changer, a novice DrTm (D:9)
  3 centaur zombies
  5 rime drakes (D:8)
  Sigmund (D:2)
  6 yaks (D:8)
  A wyvern (D:9)
  Menkaure (D:7)
  2 water moccasins
  4 orc warriors (D:9)
  A sky beast (D:8)
  An ice beast (D:6)
  A swamp drake (D:7)
  5 ogres
  A phantom (D:6)
  2 centaurs
  2 kobold brigands (D:9)
  4 bullfrogs
  2 wyvern zombies (D:7)
  A scorpion (D:6)
  A wyvern skeleton (D:6)
  4 wights (D:8)
  4 howler monkeys
  2 bullfrog zombies (D:7)
  3 jellies
  3 hounds (D:5)
  2 orc priests
  2 bullfrog skeletons
  Natasha (thrice) (D:2)
  Terence (D:2)
  2 iguanas (D:5)
  11 orc wizards
  A scorpion zombie (D:5)
  A killer bee zombie (D:8)
  A hound zombie (D:5)
  A hound skeleton (D:4)
  5 adders
  2 shadow imps
  3 white imps
  2 worms
  47 orcs
  5 bats
  5 endoplasms
  A giant cockroach (D:4)
  4 goblins
  9 hobgoblins
  2 quokkas
  10 ball pythons
  5 frilled lizards
  10 kobolds
  5 rats
206 creatures vanquished.

Vanquished Creatures (others)
  2 withered plants (D:3)
2 creatures vanquished.

Grand Total: 208 creatures vanquished

Notes
Turn   | Place    | Note
-------+----------+-------------------------------------------
     0 | D:1      | Armakuni the Human Wanderer began the quest for the Orb.
     0 | D:1      | Armakuni set off with the following items: a +0 club, a
                  | potion of lignification, 32 stones, a +2 scale mail; and
                  | the following spell memorised: Sandblast; and the following
                  | spells available to memorise: Stone Arrow
     0 | D:1      | Reached XP level 1. HP: 13/13 MP: 3/3
   302 | D:1      | Reached skill level 1 in Fighting
   302 | D:1      | Reached skill level 1 in Maces & Flails
   302 | D:1      | Reached XP level 2. HP: 18/21 MP: 5/5
  1129 | D:2      | Noticed Terence
  1146 | D:2      | Killed Terence
  1147 | D:2      | Reached skill level 2 in Fighting
  1147 | D:2      | Reached XP level 3. HP: 16/27 MP: 6/6
  1447 | D:2      | Noticed Natasha
  1455 | D:2      | Killed Natasha
  1456 | D:2      | Reached XP level 4. HP: 34/34 MP: 7/7
  1527 | D:2      | Noticed Sigmund
  1570 | D:2      | Killed Sigmund
  1571 | D:2      | Reached skill level 3 in Fighting
  1571 | D:2      | Reached XP level 5. HP: 32/42 MP: 8/8
  1571 | D:2      | Reached XP level 6. HP: 37/48 MP: 9/9
  1822 | D:2      | Noticed Natasha
  1827 | D:2      | Killed Natasha
  1828 | D:2      | Reached skill level 4 in Fighting
  1918 | D:2      | Noticed Natasha
  1924 | D:2      | Killed Natasha
  2341 | D:3      | Found a faded altar of an unknown god.
  3453 | D:4      | Found an ornate altar of the Wu Jian Council.
  3455 | D:4      | Found a broken altar of Ashenzari.
  3504 | D:4      | You fall into a shaft and drop 1 floor!
  3504 | D:5      | Entered Level 5 of the Dungeon
  3532 | D:5      | Reached XP level 7. HP: 42/55 MP: 10/10
  3539 | D:5      | Reached skill level 1 in Shields
  3704 | D:4      | Found an opulent altar of Gozag.
  3932 | D:4      | Found a sparkling altar of Nemelex Xobeh.
  4552 | D:6      | Noticed a water moccasin
  4567 | D:6      | Killed a water moccasin
  4568 | D:6      | Reached skill level 5 in Fighting
  4568 | D:6      | Reached skill level 5 in Maces & Flails
  4668 | D:6      | Reached XP level 8. HP: 42/62 MP: 11/11
  4812 | D:6      | Reached skill level 1 in Evocations
  4834 | D:6      | HP: 3/62 [centaur warrior zombie (3)]
  5258 | D:5      | Gained mutation: You are partially covered in iridescent
                  | scales. (AC +2) [potion of mutation]
  5258 | D:5      | Gained mutation: You are frail. (-10% HP) [potion of
                  | mutation]
  5258 | D:5      | Gained mutation: You are agile. (Dex +2) [potion of
                  | mutation]
  5258 | D:5      | Gained mutation: You have hidden genetic potential. [potion
                  | of mutation]
  5293 | D:5      | Reached skill level 5 in Evocations
  5483 | D:5      | Reached XP level 9. HP: 49/61 MP: 12/12
  5931 | D:5      | Reached skill level 1 in Dodging
  6513 | D:6      | Reached skill level 5 in Armour
  6529 | D:6      | Reached skill level 6 in Fighting
  6576 | D:6      | Noticed Eustachio
  6678 | D:6      | Noticed Eustachio
  6678 | D:6      | Eustachio changed into Eustachio the centaur
  6684 | D:6      | Killed Eustachio the centaur
  6699 | D:6      | Gained mutation: You are strong-willed. (Will+) [hidden
                  | potential]
  6948 | D:6      | Found Qaniorocs's CLEARANCE SALE!.
  6957 | D:6      | Bought a scroll of identify for 4 gold pieces
  7423 | D:7      | Found a hide-covered altar of Uskayaw.
  7471 | D:7      | Found a radiant altar of Vehumet.
  7685 | D:7      | Noticed Maggie
  7686 | D:7      | Noticed Maggie
  7686 | D:7      | Maggie changed into Maggie the swamp drake
  7700 | D:7      | Killed Maggie the swamp drake
  7774 | D:7      | Noticed Pikel
  7791 | D:7      | Killed Pikel
  7792 | D:7      | Reached skill level 7 in Fighting
  7792 | D:7      | Reached XP level 10. HP: 53/71 MP: 13/13
  7975 | D:7      | Found a staircase to the Ecumenical Temple.
  8009 | Temple   | Entered the Ecumenical Temple
  8200 | Temple   | Became a worshipper of the Shining One
  8326 | D:7      | Found a glowing silver altar of Zin.
  8329 | D:7      | Noticed Menkaure
  8335 | D:7      | Killed Menkaure
  8348 | D:7      | Learned a level 4 spell: Iskenderun's Mystic Blast
  8526 | D:7      | Found a basalt altar of Yredelemnul.
  8799 | D:8      | Found a staircase to the Lair.
  8851 | D:8      | Reached skill level 8 in Fighting
  8859 | D:8      | Gained mutation: You passively map a small area around you.
                  | [hidden potential]
  8859 | D:8      | Lost mutation: You have hidden genetic potential. [hidden
                  | potential expressed]
  9074 | D:8      | Lost mutation: You are agile. (Dex +2) [potion of mutation]
  9074 | D:8      | Lost mutation: You are frail. (-10% HP) [potion of
                  | mutation]
  9074 | D:8      | Gained mutation: Your system is resistant to poisons.
                  | (rPois) [potion of mutation]
  9074 | D:8      | Gained mutation: You have a somewhat thin skeletal
                  | structure. (Dex +2, Stealth+) [potion of mutation]
  9304 | D:8      | Noticed Erica
  9310 | D:8      | Killed Erica
  9315 | D:8      | Found the +4 skin of Zhor {*Englaciate rC+++ SInv}
  9317 | D:8      | Noticed a rime drake
  9317 | D:8      | Noticed a rime drake
  9318 | D:8      | Noticed a rime drake
  9322 | D:8      | Noticed a rime drake
  9362 | D:8      | Noticed a rime drake
  9412 | D:8      | Killed a rime drake
  9413 | D:8      | Reached skill level 9 in Fighting
  9422 | D:8      | Killed a rime drake
  9424 | D:8      | Killed a rime drake
  9425 | D:8      | Reached XP level 11. HP: 63/89 MP: 14/14
  9569 | D:8      | Found a sacrificial altar of Ru.
 10002 | D:8      | Found Reciqiud's Antique Weapon Shoppe.
 10094 | D:8      | Reached * piety under the Shining One
 10101 | D:8      | Reached skill level 10 in Fighting
 10396 | D:9      | Found a runed translucent gate.
 10396 | D:9      | Found a runed translucent gate.
 10398 | D:9      | Found a runed translucent gate.
 10400 | D:9      | Noticed kae's ghost (novice DrTm)
 10400 | D:9      | Noticed anonymous's ghost (novice NaGl)
 10400 | D:9      | Noticed Kebab's ghost (novice DgFi)
 10402 | D:9      | Noticed a two-headed ogre
 10411 | D:9      | Killed a two-headed ogre
 10546 | D:9      | Killed anonymous's ghost
 10553 | D:9      | Killed Kebab's ghost
 10567 | D:9      | Killed kae's ghost
 11057 | D:9      | Found a large runed translucent door.
 11070 | D:9      | Reached skill level 5 in Staves
 11078 | D:9      | Found a large runed translucent door.
 11101 | D:9      | Found a shadowy altar of Dithmenos.
 11116 | D:9      | Found a shimmering altar of Xom.
 11605 | D:10     | Entered Level 10 of the Dungeon
 11618 | D:10     | Noticed a two-headed ogre
 11619 | D:10     | Upgraded the game from 0.28-a0-1415-g7c84da036a to
                  | 0.28-a0-1429-gf3d713df7a
 11632 | D:10     | Slain by a two-headed ogre

Illustrated notes

Levels and vault maps discovered:
D:1:      giann_bridges, layout_basic
D:2:      layout_loops_ring, minmay_misc_feat_ornament, uniq_terence,
          uniq_sigmund, uniq_natasha
D:3:      layout_loops_ring, serial_glass, glass_columns_a, glass_columns_c,
          glass_columns_a, glass_columns_c, glass_columns_b, glass_columns_b,
          ebering_ecumenical_altar_petrified, minmay_unequal
D:4:      minmay_chambers_of_fours, layout_cave_pools,
          nemelex_xobeh_ov_fountains_minmay,
          chequers_temple_overflow_statue_of_worship, hex_medium
D:5:      layout_basic
D:6:      layout_gridville, nicolae_shop_clearance, uniq_eustachio
D:7:      layout_loops_ring, lemuel_round_altar,
          mainiacjoe_overflow_small_starburst, kennysheep_mini_moat,
          general_overflow_altar, minmay_temple_entry_overgrown,
          dk_noncrumbling_3, uniq_menkaure, uniq_maggie, uniq_pikel
D:8:      layout_loops_corners, nicolae_ru_great_annihilating_truth,
          lair_entry_dummy, serial_shops,
          nicolae_shop_temple_entry_statues_fountains,
          hellmonk_guarded_unrand_zhor, uniq_erica
D:9:      layout_roguey [special_room_orc], jmf_multi_god_temple2,
          gammafunk_ghost_cemetery, minmay_liquid_box
D:10:     layout_loops_ring, mainiacjoe_overflow_alcove_2, zombieorc1_lemuel,
          serial_shops, shop, uniq_joseph
Temple:   cyrus_temple_forest

Skill      XL: |  1  2  3  4  5  6  7  8  9 10 11 |
---------------+----------------------------------+-----
Fighting       | 1 2 3 4 5 7 9 10 | 10.0
Maces & Flails | 1 2 3 4 5 7 9 |  9.1
Shields        | 3 4 |  4.0
Evocations     | 5 |  5.0
Dodging        | 4 |  4.8
Armour         | 6 |  6.8
Staves         | 5 |  5.6
Throwing       | |  1.0
Stealth        | |  1.0
Spellcasting   | |  2.0
Earth Magic    | |  2.0

Action                   |  1- 3 |  4- 6 |  7- 9 | 10-12 || total
-------------------------+-------+-------+-------+-------++-------
Melee: Club              |    68 |       |       |       ||    68
       Punch             |     3 |       |       |       ||     3
       Mace              |    13 |   100 |   342 |   336 ||   791
Throw: Dart              |    19 |    22 |    21 |       ||    62
       Javelin           |       |       |       |     5 ||     5
Invok: Divine Shield     |       |       |       |     1 ||     1
Evoke: Wand              |       |       |     3 |    25 ||    28
  Use: Scroll            |     5 |     5 |     6 |     5 ||    21
       Potion            |     1 |     3 |     7 |     2 ||    13
Armor: Scale mail        |    47 |    47 |   187 |       ||   281
       Skin              |    10 |    15 |       |       ||    25
       Acid dragon scale |       |       |     4 |   144 ||   148
Dodge: Dodged            |    37 |    48 |   153 |   134 ||   372
Block: Buckler           |       |       |    59 |    81 ||   140

Table legend: (Time is in decaauts)
 A = Elapsed time spent in this place.
 B = Non-inter-level travel time spent in this place.
 C = Inter-level travel time spent in this place.
 D = Time resting spent in this place.
 E = Time spent auto-exploring this place.
 F = Levels seen in this place.
 G = Mean time per level.
                   A        B        C        D        E       F      G
               +--------+--------+--------+--------+--------+-----+--------+
         Total |  11752 |  11489 |    263 |   2358 |   6541 |  11 | 1068.4 |
       Dungeon |  11519 |  11296 |    223 |   2358 |   6365 |  10 | 1151.9 |
        Temple |    232 |    192 |     40 |      0 |    176 |   1 |  232.0 |
               +--------+--------+--------+--------+--------+-----+--------+

Top non-repeatable levels by time:
     D:5: 2200 daAuts
     D:8: 1458 daAuts
     D:9: 1388 daAuts
     D:2: 1196 daAuts
     D:6: 1160 daAuts
     D:1: 1146 daAuts
     D:7: 1145 daAuts
     D:4: 1015 daAuts
     D:3: 778 daAuts
  Temple: 232 daAuts
    D:10: 28 daAuts
